 Dungeon Crawl Stone Soup version 0.27-a0-1084-g78b3836a5f (webtiles) character file.

Game seed: 3648055540814359667

10642 travv0 the Protected (level 11, -5/102 HPs)
             Began as a Minotaur Berserker on Apr 26, 2021.
             Was an Elder of Trog.
             Slain by a death yak (18 damage)
             ... on level 9 of the Dungeon.
             The game lasted 00:30:44 (10572 turns).

travv0 the Protected (Minotaur Berserker)          Turns: 10572, Time: 00:30:44

Health: -5/102     AC: 20    Str: 25    XL:     11   Next: 38%
Magic:  10/10      EV:  8    Int:  4    God:    Trog [****..]
Gold:   610        SH:  0    Dex: 10    Spells: 10/10 levels left

rFire    . . .     SeeInvis .   J - +3 whip (freeze)
rCold    . . .     Faith    .   (no shield)
rNeg     + . .     Spirit   .   v - +0 plate armour
rPois    .         Reflect  .   (helmet restricted)
rElec    .         Harm     .   D - +0 cloak
rCorr    .         Rampage  .   (no gloves)
Will     .....                  B - +1 pair of boots
Stlth    ..........             (no amulet)
HPRegen  0.27/turn              h - +4 ring of slaying
MPRegen  0.12/turn              t - ring of positive energy

@: on berserk cooldown, slowed, very slow
A: horns 2, retaliatory headbutt
a: Renounce Religion, Berserk, Trog's Hand, Brothers in Arms


You were on level 9 of the Dungeon.
You worshipped Trog.
Trog was greatly pleased with you.
You visited 1 branch of the dungeon, and saw 9 of its levels.

You collected 610 gold pieces.

Inventory:

Hand Weapons
 a - a +0 mace
 d - a +0 whip
 G - a +5 flail of distortion
 J - a +3 whip of freezing (weapon)
Missiles
 H - 3 throwing nets
Armour
 b - a +0 animal skin
 k - a +1 ring mail of cold resistance
 s - a +0 scale mail
 v - a +0 plate armour (worn)
 B - a +1 pair of boots (worn)
 D - a +0 cloak (worn)
Jewellery
 h - a +4 ring of slaying (left hand)
 r - an amulet of faith
 t - a ring of positive energy (right hand)
 K - a ring of see invisible
Wands
 z - a wand of acid (4)
 L - a wand of flame (12)
Scrolls
 c - a scroll of magic mapping {unknown}
 e - a scroll of acquirement {unknown}
 f - 6 scrolls of teleportation {unknown}
 g - 2 scrolls of noise {unknown}
 j - 7 scrolls of identify
 n - a scroll of summoning {unknown}
 o - a scroll of amnesia {unknown}
 q - 3 scrolls of enchant armour
 u - 2 scrolls of immolation {unknown}
 y - 3 scrolls of enchant weapon
 A - 2 scrolls of silence {unknown}
 C - a scroll of blinking {unknown}
 E - a scroll of vulnerability {unknown}
Potions
 i - 2 potions of mutation {unknown}
 l - a potion of haste {unknown}
 m - 2 potions of flight {unknown}
 p - 6 potions of curing
 w - a potion of degeneration {unknown}
 x - 2 potions of brilliance {unknown}
 F - a potion of resistance
 I - 2 potions of heal wounds {unknown}


   Skills:
 + Level 11.1 Fighting
 - Level 12.0 Maces & Flails
 * Level 14.3 Armour
 - Level 2.2 Dodging


You had 10 spell levels left.
You didn't know any spells.
Your spell library was empty.

Dungeon Overview and Level Annotations

Branches:
Dungeon (9/15)             Temple (0/1) D:5            Lair (0/6) D:9
    Orc: D:9-12

Altars:
Cheibriados
Elyvilon
Hepliaklqana
Nemelex Xobeh
Qazlal
Ru
Trog
Uskayaw
Wu Jian
Xom
Yredelemnul
The Shining One

Shops:
D:3 *   D:4 :   D:8 :

Annotations:
D:4 2 transporters
D:9 2 transporters, Erolcha; Gastronok; zazu2006's ghost, journeyman NaWz


Innate Abilities, Weirdness & Mutations

You have a pair of horns on your head.
You reflexively headbutt those who attack you in melee.


Message History

You whack the death yak! You freeze the death yak. You headbutt the death yak.
The death yak is heavily wounded.
The death yak gores you but does no damage.
Your plate armour prevents you from hitting the death yak.
You headbutt the death yak!
The death yak is severely wounded.
You hit the death yak. You freeze the death yak.
The death yak is severely wounded.
The death yak gores you but does no damage.
You barely miss the death yak.
The death yak is severely wounded.
The death yak gores you.
You hit the death yak. You freeze the death yak.
The death yak is almost dead.
The death yak gores you!
You are too injured to fight recklessly!
You are too injured to fight recklessly!
You hit the death yak. You freeze the death yak.
The death yak is almost dead.
You barely miss the death yak. You headbutt the death yak.
The death yak is almost dead.
The death yak gores you!
* * * LOW HITPOINT WARNING * * *
The death yak gores you but does no damage.
You hit the death yak. You freeze the death yak. You headbutt the death yak!
You kill the death yak!
Trog accepts your kill.
You feel the effects of Trog's Hand fading.
Your Fighting skill increases to level 11!
Your skin stops crawling.
You feel less strong-willed. The death yak gores you. The death yak gores you!
* * * LOW HITPOINT WARNING * * *
The death yak gores you!
* * * LOW HITPOINT WARNING * * *
As you read the scroll labelled ASHEIF ZOPAFI, it crumbles to dust.
It is a scroll of identify.
q - 3 scrolls of enchant armour The death yak gores you!!
You die...

.....##...#..# #..#§#§# #.#..#
.....##...#..###..# §§ §..!#
.....##...#.......# .# .#..####
..................# .§ #.......
.....##...........# . ........
......#...#...##o.# #......
#####.....#...##..# #.(....
#.yl###.>.#...##Yo# #......
...yW©#...#...##@o# #......
#.#.l.#...#...##..# #......
#.#...#...#...##..# #......
Wy..#.##..........###............
y#...#.#......[.<................
[.©# #..#######################
#... .##..# #...#.#©..#
#.##..##.##


You could see a death yak, an orc priest and 2 orcs.

Vanquished Creatures
  Harold (D:9)
  A hydra (D:9)
  A two-headed ogre (D:8)
  6 death yaks (D:9)
  Joseph (D:9)
  2 hornets
  Prince Ribbit (D:5)
  A wyvern (D:8)
  A vampire (D:9)
  4 yaks (D:8)
  Edmund (D:6)
  2 water moccasins
  2 sky beasts (D:8)
  2 orc warriors
  A black bear (D:4)
  2 ice beasts
  An ogre (D:5)
  4 centaurs
  A kobold brigand (D:7)
  3 bullfrogs
  A wyvern skeleton (D:6)
  2 killer bees (D:8)
  3 wights (D:4)
  4 howler monkeys
  4 centaur zombies
  A bullfrog zombie (D:6)
  2 jellies
  4 orc priests
  3 hounds
  A gnoll shaman (D:8)
  6 iguanas
  Natasha (thrice) (D:2)
  7 orc wizards
  A killer bee zombie (D:6)
  4 gnolls (D:8)
  5 adders
  3 ufetubi
  4 worms
  2 dart slugs
  28 orcs
  3 endoplasms
  3 giant cockroaches
  7 hobgoblins
  8 jackals
  10 kobolds
  4 quokkas
  7 ball pythons
  6 bats
  6 frilled lizards
  9 goblins
  5 rats
194 creatures vanquished.

Notes
Turn   | Place    | Note
-------+----------+-------------------------------------------
     0 | D:1      | travv0 the Minotaur Berserker began the quest for the Orb.
     0 | D:1      | Reached XP level 1. HP: 19/19 MP: 0/0
   259 | D:1      | Reached XP level 2. HP: 27/27 MP: 1/1
   753 | D:1      | Reached ** piety under Trog
   784 | D:1      | Reached XP level 3. HP: 24/33 MP: 2/2
   883 | D:1      | Reached skill level 5 in Maces & Flails
  1178 | D:2      | Found a faded altar of an unknown god.
  2085 | D:2      | Noticed Natasha
  2093 | D:2      | Killed Natasha
  2094 | D:2      | Reached XP level 4. HP: 27/40 MP: 3/3
  2323 | D:2      | Noticed Natasha
  2330 | D:2      | Killed Natasha
  2496 | D:2      | Noticed Natasha
  2501 | D:2      | Killed Natasha
  2628 | D:3      | Found Tuelef's Assorted Antiques.
  2646 | D:3      | Reached XP level 5. HP: 37/46 MP: 4/4
  2788 | D:3      | Reached *** piety under Trog
  3558 | D:4      | Found a transporter.
  3569 | D:4      | Noticed a fire bat
  3569 | D:4      | Noticed a fire bat
  3571 | D:4      | Noticed a fire bat
  3662 | D:4      | Found Jeury's Book Shoppe.
  3808 | D:4      | Found a transporter.
  3842 | D:4      | Reached XP level 6. HP: 48/52 MP: 5/5
  4181 | D:4      | Reached XP level 7. HP: 33/58 MP: 6/6
  4759 | D:5      | Entered Level 5 of the Dungeon
  4827 | D:5      | Reached skill level 10 in Maces & Flails
  4879 | D:5      | Found a sacrificial altar of Ru.
  4886 | D:5      | Found a stormy altar of Qazlal.
  4886 | D:5      | Found an ornate altar of the Wu Jian Council.
  4886 | D:5      | Found a snail-covered altar of Cheibriados.
  4889 | D:5      | Found a white marble altar of Elyvilon.
  4891 | D:5      | Found a bloodstained altar of Trog.
  5269 | D:5      | Found a staircase to the Ecumenical Temple.
  5604 | D:5      | Noticed Prince Ribbit
  5611 | D:5      | Killed Prince Ribbit
  5612 | D:5      | Reached XP level 8. HP: 66/66 MP: 7/7
  5714 | D:5      | Reached skill level 3 in Armour
  6174 | D:6      | Reached skill level 4 in Armour
  6281 | D:6      | Reached **** piety under Trog
  6498 | D:6      | Found a hazy altar of Hepliaklqana.
  6511 | D:6      | Reached skill level 5 in Armour
  6627 | D:6      | Reached skill level 5 in Fighting
  6901 | D:6      | Noticed Edmund
  6918 | D:6      | Killed Edmund
  6919 | D:6      | Reached skill level 6 in Armour
  7610 | D:7      | Noticed a hornet
  7620 | D:7      | Killed a hornet
  7621 | D:7      | Reached skill level 7 in Armour
  7621 | D:7      | Reached XP level 9. HP: 66/75 MP: 8/8
  8046 | D:7      | Noticed a +0 dagger
  8046 | D:7      | Noticed a +0 hand axe
  8049 | D:7      | Found a hide-covered altar of Uskayaw.
  8526 | D:8      | Noticed a two-headed ogre
  8536 | D:8      | Reached skill level 8 in Armour
  8547 | D:8      | Killed a two-headed ogre
  8548 | D:8      | Reached skill level 9 in Armour
  8570 | D:8      | Reached skill level 10 in Armour
  9017 | D:8      | Reached XP level 10. HP: 54/88 MP: 9/9
  9174 | D:8      | Found a shimmering altar of Xom.
  9286 | D:8      | You fall into a shaft and drop 1 floor!
  9416 | D:8      | Found Giaffow's Book Shop.
  9424 | D:8      | Reached skill level 11 in Armour
  9619 | D:8      | Reached ***** piety under Trog
  9921 | D:9      | Noticed Harold
  9934 | D:9      | Killed Harold
  9935 | D:9      | Reached skill level 12 in Armour
 10006 | D:9      | Found a glowing golden altar of the Shining One.
 10012 | D:9      | Found a basalt altar of Yredelemnul.
 10013 | D:9      | Found a sparkling altar of Nemelex Xobeh.
 10020 | D:9      | Noticed Joseph
 10022 | D:9      | Noticed Gastronok
 10063 | D:9      | Noticed Erolcha
 10066 | D:9      | Killed Joseph
 10423 | D:9      | Found a transporter.
 10425 | D:9      | Noticed an ice dragon
 10428 | D:9      | Noticed zazu2006's ghost (journeyman NaWz)
 10428 | D:9      | Noticed a moth of wrath
 10441 | D:9      | Found a transporter.
 10489 | D:9      | Noticed a death yak
 10489 | D:9      | Noticed a death yak
 10489 | D:9      | Noticed a death yak
 10498 | D:9      | Found a staircase to the Lair.
 10498 | D:9      | Noticed a death yak
 10498 | D:9      | Noticed a seven-headed hydra
 10498 | D:9      | Noticed a death yak
 10498 | D:9      | Noticed a death yak
 10501 | D:9      | Noticed a death yak
 10509 | D:9      | Killed a death yak
 10510 | D:9      | Reached skill level 10 in Fighting
 10518 | D:9      | Killed a death yak
 10519 | D:9      | Reached skill level 13 in Armour
 10523 | D:9      | Killed a seven-headed hydra
 10524 | D:9      | Reached XP level 11. HP: 79/101 MP: 10/10
 10530 | D:9      | Killed a death yak
 10538 | D:9      | Killed a death yak
 10545 | D:9      | Killed a death yak
 10546 | D:9      | Reached skill level 14 in Armour
 10561 | D:9      | Killed a death yak
 10572 | D:9      | Slain by a death yak

Illustrated notes

Levels and vault maps discovered:
D:1:      grunt_arrival_lava_bath, layout_basic
D:2:      layout_basic, basic_ecumenical_altar, uniq_natasha
D:3:      layout_basic, serial_curves, eino_curves_01, eino_curves_04,
          serial_shops, shop, grunt_decor_mini_mirrors,
          hangedman_decor_clover_reticule, minmay_misc_feat_iff
D:4:      gammafunk_cloud_chamber, layout_basic, serial_shops,
          nicolae_shop_behind_doors, kennysheep_dice
D:5:      layout_loops_ring, minitemple, lemuel_temple_firewalk_b,
          uniq_prince_ribbit1
D:6:      cheibrodos_quashed, layout_basic, overflow_temple_1_default,
          grunt_ministairs_12, chequers_decorated_corner, uniq_edmund
D:7:      layout_basic, dancing_weapons_uskayaw
D:8:      layout_loops_ring, tgw_xom, serial_shops,
          nicolae_shop_competitors_out_of_business, grunt_decor_junction,
          eino_curves_03, minmay_chambers_of_fives
D:9:      layout_long_grid, grunt_temple_overflow_open,
          grunt_dithmenos_smoke_and_mirrors, dpeg_lair_monsters,
          gammafunk_ghost_berserking_beasts, uniq_harold, uniq_erolcha,
          uniq_gastronok, uniq_joseph

Skill      XL: |  1  2  3  4  5  6  7  8  9 10 11 |
---------------+----------------------------------+-----
Maces & Flails | 4 5 7 8 9 11 12 | 12.0
Fighting       | 6 8 10 11 | 11.1
Armour         | 7 10 13 14 | 14.3
Dodging        | |  2.2

Action                   |  1- 3 |  4- 6 |  7- 9 | 10-12 || total
-------------------------+-------+-------+-------+-------++-------
Melee: Whip              |    63 |   120 |   259 |   117 ||   559
       Mace              |     6 |       |    11 |       ||    17
       Headbutt          |    13 |    24 |    64 |    36 ||   137
Invok: Berserk           |     2 |       |     2 |     3 ||     7
       Trog's Hand       |       |       |     1 |     3 ||     4
  Use: Scroll            |       |       |       |     2 ||     2
       Potion            |       |       |       |     1 ||     1
Armor: Animal skin       |     4 |       |       |       ||     4
       Ring mail         |     1 |    22 |       |       ||    23
       Plate armour      |       |       |   128 |    44 ||   172
Dodge: Dodged            |    47 |    43 |    76 |    19 ||   185

Table legend: (Time is in decaauts)
 A = Elapsed time spent in this place.
 B = Non-inter-level travel time spent in this place.
 C = Inter-level travel time spent in this place.
 D = Time resting spent in this place.
 E = Time spent auto-exploring this place.
 F = Levels seen in this place.
 G = Mean time per level.
                   A        B        C        D        E       F      G
               +--------+--------+--------+--------+--------+-----+--------+
         Total |  10412 |   9977 |    435 |    876 |   7530 |   9 | 1156.9 |
       Dungeon |  10412 |   9977 |    435 |    876 |   7530 |   9 | 1156.9 |
               +--------+--------+--------+--------+--------+-----+--------+

Top non-repeatable levels by time:
     D:8: 1606 daAuts
     D:2: 1369 daAuts
     D:6: 1339 daAuts
     D:5: 1252 daAuts
     D:4: 1241 daAuts
     D:1: 1164 daAuts
     D:7: 1067 daAuts
     D:3: 962 daAuts
     D:9: 408 daAuts
